Map: Overgrown Facility

Players

ILIEKEGGPIE

  • Race: Protoss Protoss
  • League: Platinum
  • Spawn Location: 1:00

BizMac

  • Race: Terran Terran
  • League: Platinum
  • Spawn Location: 3:00

IIIIIIIIIIII - Winner!

  • Race: Zerg Zerg
  • League: Master
  • Spawn Location: 9:00

Forget - Winner!

  • Race: Terran Terran
  • League: Master
  • Spawn Location: 7:00

VOD

Have the link to the VOD?

Description

Time

  • Played on: April 24, 2018, 12:29 p.m.
  • Length: 11:41
Show
View Real Time Build Order
Export as new Build Order

ILIEKEGGPIE Protoss 

Build Orders: Oracle Opening 

Get SALT Encoding   

  12  0:01  Probe  
  13  0:13  Probe  
  14  0:21  Pylon  
  14  0:25  Probe  
  15  0:38  Probe  
  16  0:44  Gateway  
  16  0:46  Probe  
  16  0:52  Assimilator  
  17  1:00  Probe  
  18  1:12  Probe  
  19  1:24  Probe  
  20  1:33  Cybernetics Core  
  20  1:36  Probe  
  21  1:47  Nexus  
  21  1:51  Pylon  
  21  1:59  Stalker  
  21  2:02  Assimilator  
  22  2:19  Warp Gate  
  22  2:30  Probe  
  23  2:42  Probe  
  24  2:50  Stargate  
  24  2:54  Probe  
  25  3:02  Probe  
  26  3:06  Probe  
  27  3:13  Adept  
  27  3:14  Gateway, Probe  
  27  3:16  Gateway  
  27  3:18  Probe  
  31  3:26  Probe  
  32  3:30  Probe  
  33  3:35  Oracle  
  33  3:38  Probe  
  37  3:49  Probe  
  37  3:50  Probe  
  39  4:01  Probe  
  40  4:05  Probe  
  41  4:12  Assimilator  
  41  4:13  Probe  
  41  4:16  Assimilator  
  42  4:17  Probe  
  42  4:23  Oracle  
  46  4:30  Pylon  
  46  4:34  Stargate  
  46  4:43  Pylon  
  46  4:44  Pylon  
  46  4:48  Probe x2  
  48  4:54  Stalker x3  
  54  5:01  Probe x2  
  54  5:06  Phoenix  
  56  5:13  Probe x2  
  60  5:29  Phoenix  
  62  5:37  Phoenix, Probe x2  
  62  5:40  Nexus  
  66  5:43  Pylon  
  66  5:45  Pylon  
  66  5:52  Phoenix  
  68  5:59  Phoenix  
  68  6:09  Phoenix  
  69  6:19  Phoenix  
  69  6:23  Assimilator  
  71  6:26  Assimilator  
  71  6:34  Phoenix  
  60  7:33  Phoenix x2  
  62  7:45  Stalker x3  
  62  7:48  Probe x3  
  71  7:58  Phoenix, Probe  
  73  8:05  Phoenix  
  74  8:06  Probe x3  
  74  8:10  Gateway  
  74  8:11  Gateway  
  74  8:12  Gateway, Pylon  
  79  8:14  Gateway  
  79  8:15  Phoenix, Probe  
  79  8:18  Probe x2, Pylon  
  82  8:21  Phoenix  
  84  8:29  Void Ray  
  86  8:39  Void Ray  
  86  9:07  Stalker x3  
  92  9:16  Forge  
  92  9:19  Forge  
  81  9:37  Void Ray  
  71  9:45  Stalker x2  
  71  9:46  Stalker  
  71  9:47  Void Ray  
  75  10:09  Stalker  
  75  10:13  Pylon  
  77  10:18  Pylon  
  75  10:31  Void Ray  
  79  10:49  Gateway  
  79  10:50  Gateway  
  77  11:31  Gateway  
  77  11:32  Gateway  
Show
View Real Time Build Order
Export as new Build Order

BizMac Terran 

Build Orders: MMM Bio 

Get SALT Encoding   

  12  0:01  SCV  
  13  0:13  SCV  
  14  0:24  Supply Depot  
  14  0:30  SCV  
  15  0:41  Refinery  
  15  0:46  SCV  
  15  0:49  Barracks  
  16  0:58  SCV  
  17  1:10  SCV  
  18  1:22  SCV  
  19  1:36  Supply Depot  
  19  1:37  Orbital Command  
  19  1:40  Reaper  
  20  1:51  Refinery  
  20  1:55  Barracks  
  20  2:05  Factory  
  20  2:14  Marine  
  21  2:20  SCV  
  22  2:27  Barracks  
  22  2:32  SCV  
  22  2:33  Barracks Tech Lab  
  22  3:06  Stimpack  
  22  3:08  Barracks Reactor  
  22  3:21  Command Center  
  22  3:25  Barracks Tech Lab  
  20  3:34  Reaper  
  20  3:46  Combat Shields  
  20  3:53  Marine  
  20  3:54  Marauder  
  20  3:55  Marine  
  24  4:06  Marine  
  25  4:14  Command Center  
  25  4:33  Bunker, SCV  
  25  4:35  Orbital Command  
  26  4:41  Engineering Bay  
  27  4:45  SCV  
  27  4:51  Starport  
  27  5:13  Marine x3  
  27  5:14  Marine  
  31  5:20  Supply Depot  
  31  5:29  SCV  
  31  5:35  SCV  
  33  5:41  SCV  
  34  5:44  Marauder x2  
  34  5:46  Supply Depot  
  34  5:47  SCV  
  40  5:53  Planetary Fortress  
  39  5:59  SCV  
  40  6:11  SCV  
  40  6:17  Supply Depot  
  41  6:27  Missile Turret  
  41  6:37  Missile Turret  
  38  6:48  Marauder x2, Marine x2, Missile Turret  
  41  6:58  Missile Turret  
  41  6:59  SCV  
  42  7:06  Marine x2  
  44  7:09  Marine x2, Missile Turret  
  44  7:11  SCV  
  46  7:19  Missile Turret  
  38  7:24  Marine, SCV  
  38  7:26  Marine  
  38  7:27  Marauder x2  
  37  7:41  Marine  
  37  7:44  Marine  
  38  7:47  SCV  
  38  7:49  Marauder x2  
  44  7:59  Marine, SCV  
  44  8:01  Marine  
  44  8:04  Starport Reactor  
  47  8:10  Marauder x2  
  47  8:12  SCV  
  52  8:14  SCV  
  53  8:23  Refinery  
  53  8:24  SCV  
  54  8:31  Marauder  
  56  8:36  SCV  
  54  8:50  Medivac x2  
  54  8:53  Terran Infantry Weapons Level 1  
  58  8:56  Engineering Bay  
  47  9:10  Marauder, Marine x3  
  37  9:27  Marine  
  37  9:28  Marine x2  
  29  9:31  Marauder  
  31  9:45  Marine x2  
  31  9:46  Marine  
  34  9:53  Marauder  
  36  10:03  Barracks, Marine x3  
  36  10:04  Barracks  
  38  10:14  Marauder  
  38  10:21  Marine x3  
  38  10:36  Marauder  
  38  10:39  Marine x2  
  42  10:44  Marine  
  40  10:57  Marauder, Marine x2  
  16  11:02  Marine  
  19  11:14  Marine  
  25  11:18  Marauder  
Show
View Real Time Build Order
Export as new Build Order

IIIIIIIIIIII Zerg - Winner!

Build Orders: Hatch First 

Get SALT Encoding   

  12  0:01  Drone  
  13  0:12  Overlord  
  13  0:18  Drone  
  14  0:31  Drone x2  
  16  0:39  Drone  
  17  1:00  Drone x2  
  19  1:07  Hatchery  
  18  1:15  Spawning Pool  
  17  1:21  Extractor  
  17  1:22  Drone  
  17  1:23  Drone  
  18  1:30  Drone  
  19  1:39  Drone  
  20  1:55  Overlord  
  20  2:02  Hatchery  
  19  2:11  Drone x2  
  21  2:21  Metabolic Boost  
  21  2:28  Drone x2  
  23  2:40  Queen x2  
  27  2:49  Zergling x2  
  27  2:50  Zergling x2  
  29  2:51  Drone x2  
  29  2:53  Drone  
  32  3:08  Overlord  
  32  3:09  Drone x2  
  34  3:16  Pneumatized Carapace  
  34  3:23  Drone x3  
  34  3:24  Queen  
  39  3:33  Drone x3  
  42  3:42  Drone x3  
  42  3:45  Roach Warren  
  42  3:46  Drone, Extractor  
  42  3:47  Extractor  
  43  3:54  Drone x4  
  47  3:56  Overlord  
  46  4:06  Overlord, Drone x3  
  49  4:17  Overlord x2  
  49  4:18  Lair  
  49  4:42  Overlord x3  
  49  4:43  Drone  
  49  4:44  Drone x9  
  59  4:56  Roach x4  
  59  4:57  Roach  
  69  5:03  Roach x2  
  73  5:12  Drone x3  
  76  5:15  Glial Reconstitution  
  76  5:19  Drone  
  76  5:20  Drone x2  
  79  5:21  Evolution Chamber  
  79  5:22  Evolution Chamber  
  77  5:32  Roach  
  77  5:33  Roach x7  
  93  5:39  Drone  
  93  5:40  Drone x5  
  99  5:42  Extractor x2  
  97  5:51  Roach x2  
  98  5:57  Hatchery  
  98  5:58  Drone  
  98  6:02  Roach x5  
  103  6:06  Drone  
  103  6:10  Spore Crawler  
  103  6:11  Spore Crawler  
  103  6:13  Spore Crawler  
  103  6:14  Drone x3  
  103  6:18  Roach  
  106  6:25  Zerg Ground Armor Level 1, Zerg Missile Weapons Level 1  
  106  6:32  Overlord  
  106  6:33  Overlord x2  
  106  6:37  Overlord x2  
  106  6:50  Overlord x3  
  106  6:57  Ravager x3  
  106  6:58  Ravager x2  
  111  7:06  Drone x4  
  111  7:07  Drone x6  
  79  7:31  Roach x13  
  98  7:49  Spore Crawler, Drone  
  98  7:50  Extractor  
  98  7:51  Hydralisk Den  
  96  7:52  Roach x5  
  96  7:53  Roach x4  
  114  8:05  Roach x2  
  117  8:06  Roach x5  
  127  8:14  Drone x5  
  127  8:15  Drone x3  
  139  8:20  Roach x2  
  139  8:22  Muscular Augments  
  139  8:31  Hydralisk x3  
  139  8:32  Hydralisk  
  147  8:36  Queen  
  147  8:42  Zerg Missile Weapons Level 2  
  145  8:49  Zerg Ground Armor Level 2  
  145  8:56  Overlord x3  
  145  9:05  Drone x7, Extractor x2  
  150  9:16  Hydralisk x6  
  150  9:17  Hydralisk  
  156  9:18  Overlord  
  164  9:34  Grooved Spines  
  164  9:38  Hydralisk x6  
  164  9:39  Hydralisk x3  
  182  9:49  Infestation Pit  
  181  10:00  Hydralisk x5  
  189  10:18  Hydralisk  
  189  10:19  Hydralisk x5  
  193  10:25  Hatchery  
  192  10:28  Hive  
  192  10:38  Hatchery  
Show
View Real Time Build Order
Export as new Build Order

Forget Terran - Winner!

Build Orders: Reaper Expand, MMM Bio 

Get SALT Encoding   

  12  0:00  SCV  
  13  0:13  SCV  
  14  0:20  Supply Depot  
  14  0:25  SCV  
  15  0:41  SCV  
  15  0:42  Barracks  
  16  0:48  Refinery  
  16  0:53  SCV  
  17  1:05  SCV  
  18  1:18  SCV  
  19  1:32  Reaper  
  20  1:33  Orbital Command  
  20  1:49  Command Center  
  20  2:04  Supply Depot, Marine  
  20  2:07  SCV  
  22  2:19  SCV  
  22  2:20  Factory  
  23  2:24  Refinery  
  23  2:30  Barracks Reactor  
  23  2:32  SCV  
  24  2:44  SCV  
  25  2:58  SCV  
  26  3:00  Engineering Bay  
  26  3:03  Barracks  
  26  3:06  Cyclone  
  26  3:09  Orbital Command  
  29  3:15  Marine  
  30  3:20  SCV  
  31  3:27  Marine  
  31  3:32  Marine, SCV  
  34  3:38  Terran Infantry Weapons Level 1  
  34  3:40  SCV  
  35  3:44  SCV  
  35  3:45  Marine  
  36  3:51  Barracks Tech Lab  
  36  3:55  SCV  
  37  3:56  SCV  
  37  3:57  Supply Depot  
  38  4:03  Marine x2  
  38  4:09  Stimpack  
  40  4:11  Marine, Factory Reactor  
  40  4:13  Starport, SCV  
  40  4:14  SCV  
  43  4:21  Marine  
  44  4:25  SCV  
  44  4:29  Marine x2  
  47  4:43  Marine  
  48  4:47  Marine x2  
  48  4:50  Barracks  
  48  4:52  Barracks  
  50  5:01  SCV x2  
  50  5:05  Factory Reactor  
  47  5:15  Missile Turret  
  47  5:17  Missile Turret  
  47  5:18  SCV x2  
  49  5:30  SCV  
  49  5:31  Medivac x2, Barracks  
  54  5:41  Supply Depot x2  
  54  5:43  Refinery x2  
  54  5:46  Barracks Reactor x2  
  54  6:00  Terran Infantry Armor Level 1  
  54  6:02  Marine x3  
  54  6:03  SCV x2  
  59  6:06  Factory Reactor  
  59  6:15  Medivac x2  
  59  6:17  SCV  
  59  6:18  SCV  
  65  6:20  Marine x3  
  68  6:30  SCV x2  
  70  6:47  Marine x3, Command Center  
  67  6:52  Combat Shields  
  70  6:55  Factory Tech Lab  
  70  7:09  Marine x2, SCV  
  70  7:24  Marine  
  70  7:25  SCV  
  70  7:30  Marine x2  
  70  7:32  Marine x2  
  70  7:33  Marine x2  
  70  7:35  SCV  
  70  7:36  Marine  
  70  7:37  Supply Depot  
  70  7:38  Supply Depot  
  70  7:39  Medivac, Supply Depot  
  70  7:40  Supply Depot  
  70  7:42  Medivac, Supply Depot  
  70  7:52  Marine  
  70  7:53  Barracks Reactor  
  70  7:58  Marine x6, SCV x2, Siege Tank  
  81  8:09  Medivac  
  81  8:10  Marine, SCV  
  81  8:11  Medivac  
  87  8:16  Marine x3  
  90  8:22  SCV  
  90  8:25  Orbital Command  
  90  8:26  SCV  
  92  8:31  Widow Mine  
  94  8:34  SCV  
  94  8:52  Siege Tank  
  84  9:15  Marine x2  
  84  9:16  Marine x6  
  84  9:17  Medivac x2, Marine  
  87  9:24  Siege Tank  
  92  9:33  Marine x3  
  92  9:34  Marine x3  
  92  9:35  Marauder  
  92  9:38  Marine x2  
  95  9:45  SCV  
  95  9:46  SCV x2  
  95  9:47  Medivac x2  
  95  9:51  Marine x2  
  104  9:56  Marauder, Siege Tank  
  104  9:57  SCV  
  104  9:58  SCV x2  
  109  10:09  Marine x7  
  109  10:10  Marine  
  117  10:15  Refinery  
  117  10:16  Refinery  
  117  10:17  Marine  
  118  10:26  Marine  
  118  10:27  Marine  
  118  10:28  Marine x3  
  114  10:30  Medivac, Siege Tank  
  114  10:31  Medivac  
  116  10:48  Marine x2  
  116  10:49  Marine x5  
  125  10:50  Marauder  
  125  10:54  Supply Depot x2  
  125  10:56  Supply Depot  
  125  10:57  Supply Depot  
  125  10:58  Supply Depot  
  125  11:00  Supply Depot  
  125  11:08  Medivac, Marine x2  
  125  11:09  Medivac  
  124  11:12  Marauder  
  123  11:22  Marine x2  
Tags
 
Add a new tag
Caveats
  • Supply blocks, unpowered buildings, or Contaminate may cause inaccurate times.
  • Supply counts are checked every 10 seconds.